cohdb
Replays
Latest Replays
All Replays
Popular Replays
Top Player Replays
Match Explorer
How It Works
Community
CoH3 Stats
Reddit
Sign in to upload your games and track your stats! →
Sign in with Steam
Match 39382524
Unlisted
Match 39382524
Overview
Messages
Build Orders
End
Pioneer Squad
Construct Infanterie Kompanie
Selects Italian Coastal Battlegroup
Selects Coastal Reserves
Coastal Reserve
Coastal Reserve
Construct Infanterie Kompanie
Grenadier Squad
Grenadier Squad
Medical Bunker
Construct Luftwaffe Kompanie
Selects Artillery Officer
Selects Support Bunkers
Selects Rapid Fortifications
Artillery Officer
Jäger Squad
Selects Bulwark
Construct Panzer Kompanie
Selects Coastal Wall
Stoßtruppen Squad
『BlackBear』
只因你太美
0
0
Comments
sign in to comment!
No comments posted yet!